 Dungeon Crawl Stone Soup version 0.28.0-43-g3370ac3207 (webtiles) character file.

Game seed: 10777037053197305661

2256 tizbic2 the Gusty (level 9, -1/93 (97) HPs)
             Began as a Demonspawn Air Elementalist on Mar 18, 2022.
             Was an Initiate of Cheibriados.
             Slain by a wight
             ... wielding a +0 battleaxe
              (6 damage)
             ... on level 6 of the Dungeon.
             The game lasted 00:28:57 (6282 turns).

tizbic2 the Gusty (Demonspawn Air Elementalist)     Turns: 6282, Time: 00:28:58

HP:   -1/93 (97)    AC: 31    Str: 15    XL:     9   Next: 15%
MP:   14/26         EV:  2    Int: 17    God:    Cheibriados [......]
Gold: 169           SH:  0    Dex: 14    Spells: 12/19 levels left

rFire   . . .      SeeInvis .   j - +4 long sword (protect)
rCold   . . .      Faith    .   (no shield)
rNeg    . . .      Spirit   .   (armour currently unavailable)
rPois   +          Reflect  .   (helmet currently unavailable)
rElec   .          Harm     .   (cloak currently unavailable)
rCorr   .          Rampage  .   (gloves currently unavailable)
Will    .....      NoTele   +   (boots currently unavailable)
Stlth   ++........              (no amulet)
HPRegen 1.25/turn               o - ring of magical power
MPRegen 0.20/turn               (no ring)

@: lethally poisoned (-1 -> -1), tree-form, under a protective aura, lightly
drained, very slow
A: stationary, stasis, torment immunity, boosted hp, (claws 2), powered by death
1, (spiny 1), (sanguine armour 1)
a: Renounce Religion


You were on level 6 of the Dungeon.
You worshipped Cheibriados.
Cheibriados was noncommittal.
You were a tree.
You visited 2 branches of the dungeon, and saw 7 of its levels.

You collected 305 gold pieces.
You spent 136 gold pieces at shops.

Inventory:

Hand Weapons
 j - a +4 long sword of protection (weapon)
 w - the +5 mace "Metihiri" {elec, rC- Dex+3 Stlth+}
   (You found it on level 6 of the Dungeon)

   It occasionally discharges a powerful burst of electricity upon striking a
   foe.
   Dex:       It affects your dexterity (+3).
   rC:        It makes you vulnerable to cold.
   Stlth:     It makes you more stealthy.
Missiles
 c - 99 stones (quivered)
 k - 7 boomerangs
Armour
 b - +0 acid dragon scales (melded)
 h - a +0 helmet (melded)
 n - a +2 pair of gloves (melded)
 q - a +0 tower shield
 v - a +1 cloak (melded)
Jewellery
 o - a ring of magical power (left branch)
Scrolls
 a - a scroll of identify
 d - a scroll of noise
 i - a scroll of summoning {unknown}
 l - a scroll of amnesia
 m - 3 scrolls of teleportation
 p - a scroll of blinking {unknown}
 r - a scroll of fog
 u - a scroll of fear {unknown}


   Skills:
 + Level 4.0 Fighting
 + Level 3.4 Long Blades
 - Level 1.7 Dodging
 - Level 1.7 Stealth
 * Level 4.1 Shields
 * Level 5.8 Spellcasting
 + Level 4.1 Conjurations
 * Level 6.1 Air Magic


You had 12 spell levels left.
You knew the following spells:

 Your Spells              Type           Power      Damage    Failure   Level
a - Shock                 Conj/Air       88%        1d8       1%          1
b - Static Discharge      Conj/Air       22%        N/A       2%          2
c - Airstrike             Air            12%        N/A       11%         4

Your spell library contained the following spells:

 Spells                   Type           Power      Damage    Failure   Level
 Magic Dart               Conj           76%        1d6       2%          1
 Swiftness                Air            25%        N/A       3%          3
 Mephitic Cloud           Conj/Pois/Air  16%        N/A       10%         3
 Call Imp                 Summ           4%         N/A       21%         2
 Tukima's Dance           Hex            4%         N/A       36%         3
 Sticky Flame             Conj/Fire      12%        2d4       50%         4
 Dispel Undead            Necr           4%         3d7       78%         4
 Passage of Golubria      Tloc           4%         N/A       78%         4
 Yara's Violent Unravell  Hex/Tmut       2%         3d3       98%         5


Dungeon Overview and Level Annotations

Branches:
Dungeon (6/15)             Temple (1/1) D:5

Altars:
Cheibriados
Elyvilon
Gozag
Hepliaklqana
Makhleb
Nemelex Xobeh
Okawaru
Qazlal
Ru
Sif Muna
Trog
Vehumet
Wu Jian
Xom
The Shining One

Shops:
D:4 **?   D:6 **


Innate Abilities, Weirdness & Mutations

You are a tree.
Your roots penetrate the ground, keeping you stationary.
You cannot be teleported.
You are immune to unholy pain and torment.
Your maximum health is greatly increased.
Your equipment is partially melded.
((You have very sharp fingernails.))
You regenerate a little health from kills.
((You are partially covered in sharp spines.))
((When seriously injured, your blood forms armour. (AC +0)))


Message History

The wight hits you but does no damage. x2
The iguana bites you but does no damage.
You hit the wight but do no damage.
The wight is severely damaged.
You feel sick. The wight barely misses you. The iguana bites you.
* * * LOW HITPOINT WARNING * * *
You barely miss the wight.
The wight is severely damaged.
You feel sick.
The iguana bites you but does no damage.
The wight hits you with a +0 battleaxe.
* * * LOW HITPOINT WARNING * * *
You feel drained.
You hit the wight but do no damage.
The wight is severely damaged.
The iguana bites you but does no damage.
The wight hits you with a +0 battleaxe.
* * * LOW HITPOINT WARNING * * *
Unknown command.
Okay, then.
Casting: Static Discharge (safe; 2% risk of failure)
Confirm with . or Enter, or press ? or * to list all spells.
Aiming: Shock (safe; 1% risk of failure)
Press: ? - help, Shift-Dir - straight line, f - iguana
Aim: an iguana (77% to hit)
The zap hits the iguana.
The iguana is moderately wounded.
You feel sick.
The iguana bites you but does no damage.
The wight hits you with a +0 battleaxe.
* * * LOW HITPOINT WARNING * * *
You feel drained.
Casting: Shock (safe; 1% risk of failure)
Confirm with . or Enter, or press ? or * to list all spells.
The wight is struck by an arc of lightning.
The wight is almost destroyed.
The lightning grounds out.
You feel sick.
The iguana bites you but does no damage.
The wight hits you with a +0 battleaxe.
You die...

#...###
######## #...#
#...# . #...#
... #...# ....
#...##....
#..<......
#.........
######♣#.....#
#.../)zl.....#
#............#
#.$...$......#
#............#
#............#
#............#
#..).........#
#............#


You could see an iguana and a wight.

Vanquished Creatures
  Maggie (D:6)
  A wyvern (D:5)
  A sky beast (D:5)
  A water moccasin (D:6)
  A black bear (D:6)
  5 ogres
  A bullfrog (D:6)
  3 scorpions
  A wyvern zombie (D:5)
  A water moccasin zombie (D:5)
  2 water moccasin skeletons (D:5)
  4 wights (D:6)
  A howler monkey (D:5)
  A centaur zombie (D:6)
  Crazy Yiuf (D:6)
  2 jellies (D:5)
  2 hounds
  2 gnoll shamans
  2 orc wizards
  4 gnolls
  2 adders
  A howler monkey skeleton (D:6)
  A shadow imp (D:5)
  2 worms
  4 dart slugs
  11 orcs
  8 ball pythons
  9 endoplasms
  4 giant cockroaches
  6 goblins
  9 hobgoblins
  6 jackals
  3 quokkas
  5 bats
  2 frilled lizards (D:3)
  9 kobolds
  6 rats
125 creatures vanquished.

Vanquished Creatures (others)
  A fungus (D:6)
1 creature vanquished.

Grand Total: 126 creatures vanquished

Notes
Turn   | Place    | Note
-------+----------+-------------------------------------------
     0 | D:1      | tizbic2 the Demonspawn Air Elementalist began the quest for
                  | the Orb.
     0 | D:1      | Reached XP level 1. HP: 13/13 MP: 3/3
   204 | D:1      | Reached skill level 3 in Air Magic
   204 | D:1      | Gained mutation: You are partially covered in sharp spines.
                  | [demonic ancestry]
   204 | D:1      | Reached XP level 2. HP: 20/20 MP: 0/5
   223 | D:1      | Found a faded altar of an unknown god.
   346 | D:1      | Learned a level 2 spell: Static Discharge
  1219 | D:2      | Reached XP level 3. HP: 25/25 MP: 6/6
  1338 | D:2      | Reached skill level 1 in Fighting
  2135 | D:3      | Gained mutation: You have sharp fingernails. [demonic
                  | ancestry]
  2135 | D:3      | Reached XP level 4. HP: 29/32 MP: 4/8
  2898 | D:3      | Reached skill level 1 in Long Blades
  3049 | D:3      | Gained mutation: You regenerate a little health from kills.
                  | [demonic ancestry]
  3049 | D:3      | Reached XP level 5. HP: 8/37 MP: 4/9
  3346 | D:3      | Noticed an ogre
  3353 | D:3      | Killed an ogre
  3628 | D:3      | Reached skill level 4 in Air Magic
  3734 | D:4      | Found Rouhuar's Assorted Antiques.
  3741 | D:4      | Bought a runed ruby ring for 115 gold pieces
  3810 | D:4      | Gained mutation: When seriously injured, your blood forms
                  | armour. (AC +0) [demonic ancestry]
  3810 | D:4      | Reached XP level 6. HP: 44/44 MP: 11/11
  4326 | D:4      | Found Netuzaw's Assorted Antiques.
  4333 | D:4      | Bought a scroll labelled JOAPTENGIFEI for 21 gold pieces
  4465 | D:4      | Found Heda's Magic Scroll Shop.
  4640 | D:5      | Entered Level 5 of the Dungeon
  4665 | D:5      | Noticed a wyvern
  4681 | D:5      | Killed a wyvern
  4682 | D:5      | Reached skill level 1 in Shields
  4682 | D:5      | Gained mutation: You have very sharp fingernails. [demonic
                  | ancestry]
  4682 | D:5      | Reached XP level 7. HP: 18/51 MP: 13/13
  4843 | D:5      | Found an iron altar of Okawaru.
  4941 | D:5      | Reached skill level 5 in Air Magic
  4949 | D:5      | Reached XP level 8. HP: 34/58 MP: 15/15
  5218 | D:5      | Found a staircase to the Ecumenical Temple.
  5226 | Temple   | Entered the Ecumenical Temple
  5285 | Temple   | Became a worshipper of Cheibriados the Contemplative
  5474 | D:5      | Reached skill level 5 in Spellcasting
  5707 | D:6      | Learned a level 4 spell: Airstrike
  5775 | D:6      | Found Pujaipest's Specific Store.
  5780 | D:6      | Found Nomoy's General Store.
  6058 | D:6      | Found a burning altar of Makhleb.
  6092 | D:6      | Found a runed translucent door.
  6093 | D:6      | Noticed Crazy Yiuf
  6099 | D:6      | Paralysed by Crazy Yiuf for 5 turns
  6104 | D:6      | Killed Crazy Yiuf
  6107 | D:6      | Identified the +5 mace "Metihiri" {elec, rC- Dex+3 Stlth+}
  6184 | D:6      | Noticed Maggie
  6195 | D:6      | Killed Maggie
  6264 | D:6      | Reached skill level 6 in Air Magic
  6264 | D:6      | Reached XP level 9. HP: 32/65 MP: 17/17
  6282 | D:6      | Slain by a wight

Illustrated notes

Levels and vault maps discovered:
D:1:      lemuel_arrival_tunnels, layout_basic, basic_ecumenical_altar
D:2:      minmay_door_path, layout_basic
D:3:      minmay_bubble_buster, layout_basic, roderic_lattice_a, st_stairs_3,
          grunt_ministairs_14
D:4:      layout_gridville, serial_shops, kennysheep_little_box,
          nicolae_shop_overgrown_old_shop, shop
D:5:      layout_loops_ring, okawaru_gym_becter, minmay_temple_entry_waves
D:6:      layout_basic, bloody_makhleb, portal_sewer_entry_b,
          nicolae_specific_store, uniq_edmund, uniq_maggie, uniq_duvessa,
          uniq_crazy_yiuf_cottage
Temple:   cyrus_circular_temple

Skill      XL: |  1  2  3  4  5  6  7  8  9 |
---------------+----------------------------+-----
Air Magic      | 3 4 5 6 |  6.1
Fighting       | 1 2 3 4 |  4.0
Long Blades    | 1 2 3 |  3.4
Spellcasting   | 3 4 5 |  5.8
Conjurations   | 2 3 4 |  4.1
Shields        | 1 2 3 4 |  4.1
Dodging        | |  1.7
Stealth        | |  1.7

Action                   |  1- 3 |  4- 6 |  7- 9 || total
-------------------------+-------+-------+-------++-------
Melee: Mace              |    24 |       |       ||    24
       Punch             |     2 |     1 |     2 ||     5
       Long sword        |    38 |    66 |    40 ||   144
       Dagger            |       |       |    14 ||    14
Throw: Stone             |    16 |     2 |       ||    18
 Cast: Shock             |    17 |    10 |    47 ||    74
       Static Discharge  |     4 |    13 |    25 ||    42
  Use: Scroll            |     4 |     3 |     1 ||     8
       Potion            |       |     3 |     2 ||     5
 Stab: Sleeping          |     1 |       |       ||     1
Armor: Leather armour    |    16 |       |       ||    16
       Robe              |     3 |       |       ||     3
       Ring mail         |    14 |    41 |    22 ||    77
       Skin              |       |       |    16 ||    16
       Acid dragon scale |       |       |     2 ||     2
Dodge: Dodged            |    39 |    36 |    41 ||   116
